[ AOE2 MATCH · #472575818 ]
UnrankedByzantines vs Vietnamese
[ REPLAY ANALYSIS · EXTRACTED FROM THE RECORDED GAME ]
Feudal
9:58
Castle
20:37
Imperial
36:06
| APM avg | 19.9 |
| APM peak | 47 |
| eAPM avg | 12.4 |
| Villagers / military | 74 / 112 |
Focus
⚔️ 40.8% · 🌾 59.2%
Knight ×65 · Camel Scout ×22 · Skirmisher ×10 · Scout Cavalry ×8 · Trebuchet (Packed) ×4 · Petard ×2
Feudal
10:57
Castle
20:17
Imperial
—
| APM avg | 21.1 |
| APM peak | 47 |
| eAPM avg | 13.2 |
| Villagers / military | 130 / 77 |
Focus
⚔️ 29.0% · 🌾 71.0%
Archer ×43 · Skirmisher ×16 · Plumed Archer ×11 · Battering Ram ×6 · Spearman ×1
Feudal
10:18
Castle
21:36
Imperial
39:46
| APM avg | 45.8 |
| APM peak | 110 |
| eAPM avg | 13.2 |
| Villagers / military | 126 / 97 |
Focus
⚔️ 33.5% · 🌾 66.5%
Rattan Archer ×45 · Cavalry Archer ×42 · Archer ×7 · Trebuchet (Packed) ×3 · Trade Cart ×1
Feudal
—
Castle
—
Imperial
—
| APM avg | 49.1 |
| APM peak | 115 |
| eAPM avg | 21.4 |
| Villagers / military | 124 / 71 |
Focus
⚔️ 32.2% · 🌾 67.8%
Missionary ×35 · Knight ×28 · Monk ×6 · Scout Cavalry ×2
Feudal
10:13
Castle
19:07
Imperial
33:33
| APM avg | 31.3 |
| APM peak | 66 |
| eAPM avg | 12.4 |
| Villagers / military | 70 / 77 |
Focus
⚔️ 24.7% · 🌾 75.3%
Knight ×34 · Scout Cavalry ×23 · Leitis ×12 · Monk ×3 · Trebuchet (Packed) ×3 · Spearman ×2
Feudal
10:51
Castle
23:20
Imperial
—
| APM avg | 28.9 |
| APM peak | 74 |
| eAPM avg | 12.8 |
| Villagers / military | 87 / 64 |
Focus
⚔️ 28.4% · 🌾 71.6%
Archer ×39 · Camel Scout ×22 · Spearman ×2 · Mangonel ×1
Match map
Initial resources + every placement click. Lines = walls · curves = elevation contours. ◆ gold · ⬟ stone · ● berries · ✦ relic · ◌ wall gap
Your base· Open — unwalled flank
Altrocanto's base· Open — 4t gap
Wicket's base· ✓ Closed at 21:36 · 28t walls · 1 gate(s)
Bartek2451979's base· ✓ Closed at 16:02 · 49t walls · 1 gate(s)
fede.dr's base· ✓ Closed at 19:07 · 19t walls · 2 gate(s)
DEG's base· Open — 7t gap
Smoothed initial terrain · ◌ = detected wall gap · hover for details
Inputs per minute
— Léon - - Altrocanto
Build order — Léon
First 150 of 299 actions detected
| 0:03 | Build | House |
| 0:04 | Build | House |
| 0:05 | Create | Villager (Male) |
| 0:17 | Create | Villager (Male) |
| 0:42 | Create | Villager (Male) |
| 0:42 | Create | Villager (Male) |
| 1:30 | Create | Villager (Male) |
| 1:48 | Build | Lumber Camp |
| 1:51 | Create | Villager (Male) |
| 2:27 | Create | Villager (Male) |
| 2:51 | Create | Villager (Male) |
| 3:05 | Build | House |
| 3:06 | Build | House |
| 3:11 | Create | Villager (Male) |
| 4:03 | Create | Villager (Male) |
| 4:15 | Build | Mill |
| 4:16 | Create | Villager (Male) |
| 4:35 | Create | Villager (Male) |
| 5:13 | Create | Villager (Male) |
| 5:32 | Create | Villager (Male) |
| 5:47 | Create | Villager (Male) |
| 6:01 | Create | Villager (Male) |
| 6:19 | Create | Villager (Male) |
| 6:20 | Research | Loom |
| 6:54 | Build | Barracks |
| 7:34 | Research | Feudal Age |
| 7:59 | Build | House |
| 8:02 | Build | Palisade Wall |
| 8:44 | Build | Mill |
| 9:14 | Create | Villager (Male) |
| 9:23 | Build | Palisade Gate |
| 9:24 | Build | House |
| 9:58 | Age | Feudal Age |
| 10:02 | Create | Villager (Male) |
| 10:03 | Create | Villager (Male) |
| 10:08 | Build | Stable |
| 10:31 | Build | Mining Camp |
| 10:41 | Create | Villager (Male) |
| 11:03 | Create | Villager (Male) |
| 11:19 | Create | Scout Cavalry |
| 11:21 | Build | Palisade Wall |
| 11:27 | Build | Blacksmith |
| 11:28 | Build | Palisade Wall |
| 11:32 | Create | Villager (Male) |
| 11:50 | Research | Horse Collar |
| 11:56 | Research | Double-Bit Axe |
| 11:57 | Create | Scout Cavalry |
| 12:15 | Create | Villager (Male) |
| 12:55 | Create | Villager (Male) |
| 13:04 | Build | Archery Range |
| 13:19 | Create | Villager (Male) |
| 13:28 | Research | Horse Collar |
| 13:32 | Build | House |
| 13:35 | Build | House |
| 13:46 | Create | Villager (Male) |
| 13:51 | Build | Farm |
| 13:52 | Build | Farm |
| 13:55 | Build | Farm |
| 13:59 | Build | Farm |
| 14:09 | Create | Villager (Male) |
| 14:12 | Build | Farm |
| 14:18 | Build | House |
| 14:21 | Build | House |
| 14:34 | Create | Villager (Male) |
| 15:00 | Create | Villager (Male) |
| 15:11 | Build | Farm |
| 15:12 | Build | Farm |
| 15:22 | Build | Farm |
| 15:28 | Build | Farm |
| 15:28 | Create | Villager (Male) |
| 15:33 | Build | Farm |
| 15:34 | Build | Farm |
| 15:35 | Build | Farm |
| 15:45 | Build | Farm |
| 15:51 | Build | Farm |
| 15:54 | Create | Villager (Male) |
| 16:04 | Build | Farm |
| 16:11 | Build | Farm |
| 16:16 | Build | Farm |
| 16:21 | Create | Villager (Male) |
| 16:31 | Build | Farm |
| 16:33 | Create | Villager (Male) |
| 16:43 | Create | Scout Cavalry |
| 16:48 | Build | Farm |
| 17:07 | Create | Villager (Male) |
| 17:16 | Build | Farm |
| 17:24 | Create | Skirmisher |
| 17:57 | Research | Castle Age |
| 18:23 | Create | Scout Cavalry |
| 18:44 | Research | Scale Barding Armor |
| 19:06 | Build | Market |
| 19:12 | Create | Skirmisher |
| 19:18 | Research | Fletching |
| 19:21 | Create | Villager (Male) |
| 19:29 | Build | Stable |
| 19:34 | Build | Stable |
| 19:40 | Create | Skirmisher |
| 19:40 | Create | Villager (Male) |
| 20:03 | Create | Skirmisher |
| 20:03 | Create | Villager (Male) |
| 20:30 | Research | Forging |
| 20:32 | Create | Skirmisher |
| 20:37 | Age | Castle Age |
| 20:40 | Research | Light Cavalry (upgrade) |
| 20:44 | Create | Knight |
| 20:56 | Build | Town Center |
| 21:03 | Create | Knight |
| 21:15 | Build | Farm |
| 21:20 | Research | Wheelbarrow |
| 21:21 | Create | Skirmisher |
| 21:39 | Create | Villager (Male) |
| 21:49 | Create | Knight |
| 21:50 | Create | Villager (Male) |
| 22:02 | Create | Skirmisher |
| 22:06 | Build | House |
| 22:09 | Build | House |
| 22:11 | Create | Villager (Male) |
| 22:20 | Create | Villager (Male) |
| 22:21 | Create | Villager (Male) |
| 22:28 | Create | Skirmisher |
| 23:08 | Research | Chain Barding Armor |
| 23:26 | Create | Knight |
| 23:27 | Create | Knight |
| 23:27 | Create | Knight |
| 23:29 | Create | Villager (Male) |
| 23:50 | Create | Knight |
| 23:51 | Create | Knight |
| 24:24 | Create | Knight |
| 24:25 | Create | Knight |
| 24:25 | Create | Villager (Male) |
| 24:28 | Create | Knight |
| 24:59 | Create | Villager (Male) |
| 25:15 | Create | Villager (Male) |
| 25:27 | Create | Villager (Male) |
| 25:28 | Create | Villager (Male) |
| 25:43 | Create | Villager (Male) |
| 25:47 | Build | House |
| 25:49 | Create | Villager (Male) |
| 25:50 | Create | Camel Scout |
| 25:51 | Create | Villager (Male) |
| 26:08 | Create | Camel Scout |
| 26:09 | Create | Camel Scout |
| 26:11 | Create | Villager (Male) |
| 26:17 | Create | Villager (Male) |
| 26:28 | Create | Villager (Male) |
| 26:38 | Build | House |
| 26:41 | Build | House |
| 26:44 | Build | Palisade Gate |
| 26:50 | Build | Palisade Wall |
| 26:51 | Build | House |
Build order — Altrocanto
First 150 of 315 actions detected
| 0:02 | Create | Villager (Male) |
| 0:02 | Create | Villager (Male) |
| 0:03 | Create | Villager (Male) |
| 0:04 | Build | House |
| 0:06 | Build | House |
| 0:10 | Research | Loom |
| 0:21 | Create | Villager (Male) |
| 0:21 | Create | Villager (Male) |
| 0:22 | Create | Villager (Male) |
| 1:34 | Create | Villager (Male) |
| 1:50 | Create | Villager (Male) |
| 2:22 | Build | Lumber Camp |
| 2:25 | Create | Villager (Male) |
| 2:53 | Create | Villager (Male) |
| 3:10 | Create | Villager (Male) |
| 3:23 | Create | Villager (Male) |
| 3:34 | Build | House |
| 3:36 | Build | House |
| 3:56 | Create | Villager (Male) |
| 4:07 | Create | Villager (Male) |
| 4:41 | Create | Villager (Male) |
| 4:55 | Create | Villager (Male) |
| 4:55 | Create | Villager (Male) |
| 5:42 | Build | Mill |
| 5:44 | Create | Villager (Male) |
| 5:44 | Create | Villager (Male) |
| 5:55 | Create | Villager (Male) |
| 5:56 | Create | Villager (Male) |
| 6:20 | Create | Villager (Male) |
| 6:21 | Create | Villager (Male) |
| 6:29 | Create | Villager (Male) |
| 6:29 | Create | Villager (Male) |
| 6:29 | Create | Villager (Male) |
| 6:33 | Create | Villager (Male) |
| 6:33 | Create | Villager (Male) |
| 6:46 | Create | Villager (Male) |
| 6:46 | Create | Villager (Male) |
| 6:57 | Create | Villager (Male) |
| 7:07 | Create | Villager (Male) |
| 7:07 | Create | Villager (Male) |
| 7:13 | Build | Barracks |
| 7:25 | Build | Palisade Wall |
| 7:27 | Create | Villager (Male) |
| 7:44 | Create | Villager (Male) |
| 7:57 | Build | Mill |
| 8:03 | Create | Villager (Male) |
| 8:09 | Create | Villager (Male) |
| 8:26 | Create | Villager (Male) |
| 8:47 | Research | Feudal Age |
| 9:02 | Create | Villager (Male) |
| 9:12 | Create | Villager (Male) |
| 9:30 | Build | Mining Camp |
| 9:35 | Create | Villager (Male) |
| 10:02 | Create | Villager (Male) |
| 10:04 | Build | House |
| 10:06 | Build | House |
| 10:57 | Age | Feudal Age |
| 11:02 | Build | Archery Range |
| 11:09 | Create | Spearman |
| 11:15 | Create | Villager (Male) |
| 11:21 | Research | Double-Bit Axe |
| 11:23 | Create | Villager (Male) |
| 11:49 | Create | Villager (Male) |
| 11:49 | Create | Villager (Male) |
| 11:51 | Create | Villager (Male) |
| 12:04 | Create | Archer |
| 12:04 | Create | Archer |
| 12:05 | Create | Archer |
| 12:05 | Create | Archer |
| 12:20 | Create | Villager (Male) |
| 12:24 | Research | Horse Collar |
| 12:30 | Create | Villager (Male) |
| 12:35 | Build | House |
| 12:36 | Build | House |
| 12:37 | Build | House |
| 12:51 | Research | Town Watch |
| 12:52 | Create | Villager (Male) |
| 13:09 | Create | Archer |
| 13:13 | Create | Villager (Male) |
| 13:17 | Create | Villager (Male) |
| 13:38 | Build | Blacksmith |
| 13:52 | Create | Villager (Male) |
| 13:56 | Create | Villager (Male) |
| 14:01 | Build | Farm |
| 14:13 | Create | Villager (Male) |
| 14:21 | Build | House |
| 14:28 | Create | Archer |
| 14:30 | Create | Villager (Male) |
| 14:54 | Build | Watch Tower |
| 15:01 | Research | Fletching |
| 15:02 | Research | Padded Archer Armor |
| 15:09 | Create | Villager (Male) |
| 15:33 | Build | Mining Camp |
| 15:45 | Create | Villager (Male) |
| 15:54 | Create | Villager (Male) |
| 15:56 | Create | Villager (Male) |
| 15:56 | Create | Villager (Male) |
| 16:05 | Build | Market |
| 16:21 | Create | Villager (Male) |
| 16:32 | Build | Lumber Camp |
| 16:45 | Create | Villager (Male) |
| 17:37 | Research | Castle Age |
| 17:44 | Build | Farm |
| 17:49 | Build | Archery Range |
| 19:39 | Create | Archer |
| 19:40 | Create | Archer |
| 19:40 | Create | Archer |
| 19:40 | Create | Archer |
| 19:45 | Create | Villager (Male) |
| 20:17 | Age | Castle Age |
| 20:25 | Build | Town Center |
| 20:43 | Research | Crossbowman (upgrade) |
| 21:56 | Create | Villager (Male) |
| 21:57 | Create | Villager (Male) |
| 21:57 | Create | Villager (Male) |
| 21:57 | Create | Villager (Male) |
| 22:06 | Build | Town Center |
| 22:14 | Build | Farm |
| 22:15 | Build | Farm |
| 22:17 | Build | Farm |
| 22:18 | Build | Farm |
| 22:29 | Create | Archer |
| 22:29 | Create | Archer |
| 22:29 | Create | Archer |
| 22:39 | Build | University |
| 22:42 | Build | House |
| 22:44 | Build | House |
| 22:46 | Build | House |
| 22:47 | Build | House |
| 22:58 | Create | Archer |
| 22:59 | Create | Archer |
| 23:00 | Create | Villager (Male) |
| 23:09 | Build | House |
| 23:10 | Build | House |
| 23:10 | Build | House |
| 23:11 | Build | House |
| 23:49 | Research | Bodkin Arrow |
| 23:55 | Research | Ballistics |
| 23:59 | Create | Archer |
| 23:59 | Create | Archer |
| 23:59 | Create | Archer |
| 24:01 | Create | Villager (Male) |
| 24:08 | Build | Farm |
| 24:11 | Build | Farm |
| 24:15 | Build | Farm |
| 24:26 | Create | Archer |
| 24:26 | Create | Archer |
| 24:26 | Create | Archer |
| 24:41 | Create | Villager (Male) |
| 24:41 | Create | Villager (Male) |
Build order — Wicket
First 150 of 225 actions detected
| 0:01 | Create | Villager (Male) ×4 |
| 0:04 | Build | House |
| 0:06 | Build | House |
| 1:13 | Create | Villager (Male) |
| 1:40 | Create | Villager (Male) |
| 1:41 | Create | Villager (Male) |
| 1:51 | Build | Lumber Camp |
| 2:11 | Create | Villager (Male) |
| 2:11 | Create | Villager (Male) |
| 2:34 | Create | Villager (Male) |
| 2:34 | Create | Villager (Male) |
| 3:02 | Build | House |
| 3:03 | Build | House |
| 3:05 | Create | Villager (Male) |
| 3:05 | Create | Villager (Male) |
| 4:04 | Create | Villager (Male) |
| 4:04 | Create | Villager (Male) |
| 4:12 | Create | Villager (Male) |
| 4:12 | Create | Villager (Male) |
| 5:00 | Build | Mill |
| 5:13 | Create | Villager (Male) |
| 5:28 | Create | Villager (Male) |
| 5:34 | Create | Villager (Male) |
| 5:54 | Create | Villager (Male) |
| 6:39 | Create | Villager (Male) |
| 6:43 | Research | Loom |
| 7:01 | Create | Villager (Male) |
| 7:30 | Research | Loom |
| 8:00 | Research | Feudal Age |
| 8:21 | Build | Barracks |
| 8:49 | Build | Mining Camp |
| 9:39 | Build | House |
| 10:18 | Age | Feudal Age |
| 10:25 | Build | Archery Range |
| 10:28 | Create | Villager (Male) |
| 10:28 | Create | Villager (Male) |
| 10:36 | Build | Blacksmith |
| 11:17 | Build | Palisade Gate |
| 11:31 | Create | Villager (Male) |
| 11:40 | Build | House |
| 11:41 | Create | Archer |
| 11:41 | Create | Archer |
| 11:42 | Create | Archer |
| 11:57 | Build | Lumber Camp |
| 12:01 | Build | House |
| 12:06 | Build | Palisade Wall |
| 12:16 | Create | Villager (Male) |
| 12:17 | Create | Villager (Male) |
| 12:30 | Build | House |
| 12:38 | Build | Palisade Wall |
| 12:42 | Create | Villager (Male) |
| 12:44 | Create | Archer |
| 12:51 | Create | Archer |
| 13:00 | Build | Mill |
| 13:10 | Create | Archer |
| 13:24 | Create | Villager (Male) |
| 13:47 | Build | Farm |
| 13:48 | Build | Farm |
| 13:54 | Create | Villager (Male) |
| 14:04 | Create | Villager (Male) |
| 14:11 | Research | Fletching |
| 14:29 | Create | Villager (Male) |
| 14:31 | Create | Archer |
| 14:45 | Build | Farm |
| 14:45 | Build | Farm |
| 14:45 | Build | Farm |
| 14:45 | Build | Farm |
| 14:46 | Build | Farm |
| 14:46 | Build | Farm |
| 14:46 | Build | Farm |
| 14:57 | Create | Villager (Male) |
| 15:07 | Build | House |
| 15:09 | Build | House |
| 15:12 | Create | Villager (Male) |
| 15:36 | Build | Farm |
| 15:38 | Build | Farm |
| 15:39 | Create | Villager (Male) |
| 15:54 | Create | Villager (Male) |
| 16:27 | Build | Farm |
| 16:28 | Create | Villager (Male) |
| 16:57 | Build | Market |
| 17:00 | Create | Villager (Male) |
| 17:06 | Build | Farm |
| 17:24 | Create | Villager (Male) ×5 |
| 18:43 | Research | Castle Age |
| 19:52 | Research | Padded Archer Armor |
| 20:08 | Build | Archery Range |
| 20:10 | Build | Archery Range |
| 20:12 | Create | Villager (Male) |
| 20:23 | Build | House |
| 21:36 | Age | Castle Age |
| 21:44 | Build | Town Center |
| 21:46 | Create | Cavalry Archer ×5 |
| 21:53 | Build | University |
| 21:54 | Build | House |
| 22:14 | Research | Double-Bit Axe |
| 22:16 | Research | Horse Collar |
| 22:17 | Research | Bodkin Arrow |
| 22:18 | Create | Cavalry Archer |
| 22:24 | Create | Villager (Male) |
| 22:25 | Create | Villager (Male) |
| 22:40 | Create | Cavalry Archer |
| 22:59 | Create | Villager (Male) |
| 23:02 | Create | Cavalry Archer |
| 23:10 | Research | Wheelbarrow |
| 23:15 | Create | Villager (Male) |
| 23:15 | Create | Villager (Male) |
| 23:17 | Create | Villager (Male) |
| 23:17 | Create | Villager (Male) |
| 23:19 | Create | Villager (Male) ×2 |
| 23:33 | Create | Cavalry Archer ×4 |
| 23:42 | Create | Villager (Male) |
| 23:53 | Create | Trade Cart |
| 24:03 | Research | Ballistics |
| 24:05 | Create | Cavalry Archer |
| 24:13 | Build | Farm |
| 24:19 | Create | Villager (Male) ×2 |
| 24:21 | Create | Cavalry Archer |
| 24:37 | Create | Cavalry Archer |
| 24:45 | Create | Villager (Male) |
| 24:49 | Create | Cavalry Archer |
| 24:59 | Create | Villager (Male) |
| 25:00 | Create | Cavalry Archer |
| 25:19 | Build | Farm |
| 25:20 | Build | Farm |
| 25:26 | Build | Farm |
| 25:28 | Build | Farm |
| 25:41 | Create | Villager (Male) |
| 25:42 | Create | Villager (Male) |
| 25:43 | Create | Cavalry Archer ×3 |
| 25:50 | Build | House |
| 26:02 | Create | Villager (Male) ×2 |
| 26:03 | Create | Cavalry Archer ×2 |
| 26:25 | Create | Villager (Male) |
| 26:26 | Create | Villager (Male) |
| 26:30 | Build | Farm |
| 26:33 | Build | Farm |
| 26:40 | Build | House |
| 26:43 | Build | House |
| 26:50 | Create | Villager (Male) |
| 26:50 | Create | Villager (Male) |
| 26:55 | Create | Villager (Male) |
| 26:56 | Create | Cavalry Archer ×5 |
| 27:20 | Create | Villager (Male) |
| 27:21 | Create | Villager (Male) |
| 28:17 | Create | Villager (Male) ×5 |
| 28:54 | Build | Mining Camp |
| 29:09 | Create | Villager (Male) ×5 |
| 29:11 | Create | Cavalry Archer ×5 |
| 29:32 | Build | House |
Build order — Bartek2451979
First 150 of 379 actions detected
| 0:02 | Create | Villager (Male) |
| 0:02 | Create | Villager (Male) |
| 0:03 | Build | House |
| 0:04 | Build | House |
| 0:13 | Create | Villager (Male) |
| 0:21 | Create | Villager (Male) |
| 1:25 | Create | Villager (Male) |
| 1:52 | Build | Lumber Camp |
| 2:04 | Create | Villager (Male) |
| 2:20 | Create | Villager (Male) |
| 2:46 | Create | Villager (Male) |
| 3:00 | Create | Villager (Male) |
| 3:39 | Create | Villager (Male) |
| 3:48 | Create | Villager (Male) |
| 3:50 | Build | House |
| 4:23 | Build | Mill |
| 4:35 | Create | Villager (Male) |
| 5:06 | Create | Villager (Male) |
| 5:08 | Create | Villager (Male) |
| 5:30 | Create | Villager (Male) |
| 5:35 | Build | House |
| 5:38 | Create | Villager (Male) |
| 5:52 | Create | Villager (Male) |
| 6:09 | Create | Villager (Male) |
| 6:12 | Create | Villager (Male) |
| 6:14 | Build | House |
| 6:38 | Build | Palisade Wall |
| 6:40 | Build | Palisade Wall |
| 6:46 | Create | Villager (Male) |
| 7:40 | Research | Loom |
| 7:43 | Build | Mill |
| 8:17 | Research | Feudal Age |
| 8:31 | Build | House |
| 8:35 | Build | Palisade Wall |
| 8:48 | Build | House |
| 9:28 | Build | Mining Camp |
| 9:55 | Create | Villager (Male) |
| 10:29 | Build | Barracks |
| 10:42 | Create | Villager (Male) |
| 11:06 | Create | Villager (Male) |
| 11:07 | Research | Double-Bit Axe |
| 11:24 | Build | House |
| 11:32 | Build | Palisade Wall |
| 11:33 | Build | Palisade Gate |
| 11:35 | Create | Villager (Male) |
| 11:57 | Build | Stable |
| 12:03 | Create | Villager (Male) |
| 12:19 | Build | Farm |
| 12:23 | Create | Villager (Male) |
| 12:31 | Build | Farm |
| 12:56 | Build | Farm |
| 13:00 | Create | Villager (Male) |
| 13:10 | Create | Villager (Male) |
| 13:12 | Build | House |
| 13:15 | Build | Farm |
| 13:35 | Build | Farm |
| 13:47 | Build | Farm |
| 13:48 | Create | Villager (Male) |
| 13:56 | Build | House |
| 14:05 | Build | Farm |
| 14:12 | Create | Villager (Male) |
| 14:23 | Build | House |
| 14:24 | Build | Palisade Wall |
| 14:47 | Create | Villager (Male) |
| 14:55 | Build | Blacksmith |
| 14:58 | Build | Palisade Wall |
| 15:02 | Build | Farm |
| 15:03 | Create | Villager (Male) |
| 15:29 | Build | Mining Camp |
| 15:34 | Create | Villager (Male) |
| 15:54 | Build | House |
| 16:02 | Research | Castle Age |
| 16:09 | Build | Farm |
| 16:10 | Build | Farm |
| 16:12 | Build | Farm |
| 16:23 | Research | Scale Barding Armor |
| 16:46 | Build | Farm |
| 16:51 | Build | Farm |
| 16:55 | Build | Farm |
| 16:57 | Build | Farm |
| 16:59 | Build | Farm |
| 17:01 | Research | Horse Collar |
| 17:07 | Build | House |
| 17:08 | Create | Villager (Male) |
| 17:18 | Create | Scout Cavalry |
| 17:30 | Build | House |
| 17:31 | Build | House |
| 17:36 | Create | Villager (Male) |
| 17:50 | Research | Bloodlines |
| 18:01 | Build | Palisade Gate |
| 18:07 | Build | Stable |
| 18:20 | Build | House |
| 18:24 | Build | Farm |
| 18:36 | Create | Villager (Male) |
| 18:44 | Create | Knight |
| 18:44 | Create | Knight |
| 18:50 | Create | Villager (Male) |
| 19:01 | Create | Villager (Male) |
| 19:17 | Create | Villager (Male) |
| 19:20 | Build | Monastery |
| 19:21 | Build | Farm |
| 19:22 | Create | Villager (Male) |
| 19:35 | Create | Villager (Male) |
| 19:36 | Create | Knight |
| 19:36 | Create | Knight |
| 20:01 | Create | Villager (Male) |
| 20:04 | Create | Villager (Male) |
| 20:13 | Research | Gold Mining |
| 20:18 | Create | Villager (Male) |
| 20:39 | Create | Villager (Male) |
| 20:41 | Research | Bow Saw |
| 20:47 | Create | Missionary |
| 21:08 | Build | Town Center |
| 21:28 | Research | Chain Barding Armor |
| 21:36 | Create | Villager (Male) |
| 21:46 | Research | Husbandry |
| 21:52 | Create | Missionary |
| 22:02 | Create | Villager (Male) |
| 22:06 | Create | Villager (Male) |
| 22:07 | Create | Villager (Male) |
| 22:07 | Create | Villager (Male) |
| 22:33 | Research | Fervor |
| 22:33 | Create | Monk |
| 22:33 | Create | Villager (Male) |
| 22:34 | Build | Farm |
| 22:37 | Create | Villager (Male) |
| 22:40 | Create | Villager (Male) |
| 22:42 | Create | Villager (Male) |
| 23:08 | Build | Farm |
| 23:09 | Create | Villager (Male) |
| 23:18 | Build | Mining Camp |
| 23:19 | Create | Villager (Male) |
| 23:19 | Create | Villager (Male) |
| 23:26 | Create | Knight |
| 23:28 | Build | Farm |
| 23:42 | Create | Villager (Male) |
| 23:45 | Research | Sanctity |
| 23:51 | Create | Villager (Male) |
| 23:56 | Create | Knight |
| 23:58 | Build | Farm |
| 24:02 | Create | Villager (Male) |
| 24:08 | Build | Farm |
| 24:09 | Build | Farm |
| 24:21 | Build | Castle |
| 24:23 | Create | Villager (Male) |
| 24:28 | Create | Villager (Male) |
| 24:38 | Research | Forging |
| 24:40 | Create | Villager (Male) |
| 24:43 | Build | Farm |
| 24:45 | Build | Farm |
Build order — fede.dr
First 150 of 269 actions detected
| 0:03 | Create | Villager (Male) |
| 0:03 | Create | Villager (Male) |
| 0:03 | Create | Villager (Male) |
| 0:04 | Create | Villager (Male) |
| 0:04 | Create | Villager (Male) |
| 0:04 | Create | Villager (Male) |
| 0:09 | Build | House |
| 0:10 | Build | House |
| 1:34 | Create | Villager (Male) |
| 2:00 | Build | Lumber Camp |
| 2:26 | Create | Villager (Male) |
| 2:51 | Build | House |
| 2:55 | Build | House |
| 3:11 | Create | Villager (Male) |
| 3:12 | Create | Villager (Male) |
| 3:30 | Create | Villager (Male) |
| 3:31 | Create | Villager (Male) |
| 3:50 | Create | Villager (Male) |
| 4:47 | Create | Villager (Male) |
| 5:19 | Build | Mill |
| 5:28 | Create | Villager (Male) |
| 5:28 | Create | Villager (Male) |
| 6:02 | Create | Villager (Male) |
| 6:02 | Create | Villager (Male) |
| 6:34 | Build | Lumber Camp |
| 6:54 | Create | Villager (Male) |
| 6:55 | Research | Loom |
| 7:09 | Build | Palisade Wall |
| 7:22 | Build | Mining Camp |
| 8:03 | Research | Feudal Age |
| 8:12 | Build | Barracks |
| 8:25 | Build | Palisade Gate |
| 8:35 | Build | House |
| 8:41 | Build | House |
| 8:47 | Build | Palisade Wall |
| 9:01 | Build | Farm |
| 9:29 | Create | Villager (Male) |
| 9:30 | Create | Villager (Male) |
| 10:00 | Build | House |
| 10:06 | Build | Palisade Wall |
| 10:13 | Age | Feudal Age |
| 10:19 | Build | House |
| 10:25 | Build | Stable |
| 10:29 | Create | Villager (Male) |
| 10:42 | Build | Farm |
| 10:43 | Build | Farm |
| 10:48 | Create | Villager (Male) |
| 10:52 | Create | Spearman |
| 11:07 | Create | Villager (Male) |
| 11:17 | Build | Market |
| 11:22 | Build | Palisade Wall |
| 11:26 | Create | Villager (Male) |
| 11:56 | Create | Villager (Male) |
| 12:06 | Build | Blacksmith |
| 12:18 | Build | Palisade Gate |
| 12:24 | Build | House |
| 12:37 | Build | Farm |
| 12:39 | Create | Villager (Male) |
| 12:49 | Build | Farm |
| 12:56 | Build | House |
| 13:08 | Build | Palisade Wall |
| 13:12 | Create | Villager (Male) |
| 13:22 | Create | Villager (Male) |
| 13:32 | Build | Farm |
| 13:41 | Create | Spearman |
| 13:54 | Build | House |
| 13:55 | Build | House |
| 14:31 | Create | Villager (Male) |
| 14:31 | Create | Villager (Male) |
| 14:37 | Build | Farm |
| 14:49 | Build | Farm |
| 14:54 | Build | Farm |
| 15:02 | Build | Farm |
| 15:05 | Create | Villager (Male) |
| 15:28 | Build | Farm |
| 15:44 | Create | Villager (Male) |
| 16:25 | Build | Farm |
| 16:27 | Research | Castle Age |
| 16:49 | Research | Double-Bit Axe |
| 17:10 | Build | Farm |
| 17:16 | Build | Farm |
| 17:19 | Research | Horse Collar |
| 17:23 | Research | Gold Mining |
| 18:09 | Build | Stable |
| 18:50 | Build | Farm |
| 18:58 | Create | Villager (Male) |
| 19:07 | Age | Castle Age |
| 19:11 | Create | Knight |
| 19:11 | Create | Knight |
| 19:11 | Create | Knight |
| 19:12 | Create | Knight |
| 19:43 | Create | Knight |
| 19:43 | Create | Knight |
| 19:47 | Create | Villager (Male) |
| 19:47 | Create | Villager (Male) |
| 20:02 | Build | Town Center |
| 20:58 | Research | Wheelbarrow |
| 20:58 | Create | Villager (Male) |
| 20:59 | Create | Villager (Male) |
| 20:59 | Create | Villager (Male) |
| 22:25 | Create | Villager (Male) |
| 22:25 | Create | Villager (Male) |
| 22:26 | Create | Villager (Male) |
| 22:33 | Research | Bloodlines |
| 22:33 | Create | Knight |
| 22:34 | Create | Knight |
| 22:34 | Create | Knight |
| 22:34 | Create | Knight |
| 22:42 | Create | Villager (Male) |
| 22:42 | Create | Villager (Male) |
| 22:54 | Build | Town Center |
| 22:58 | Create | Villager (Male) |
| 23:06 | Build | Farm |
| 23:07 | Build | Farm |
| 23:07 | Build | Farm |
| 23:13 | Build | Farm |
| 23:14 | Build | Farm |
| 23:16 | Build | Farm |
| 23:21 | Build | Monastery |
| 23:24 | Build | House |
| 23:25 | Build | House |
| 23:25 | Build | House |
| 24:04 | Create | Knight |
| 24:04 | Create | Knight |
| 24:04 | Create | Knight |
| 24:59 | Create | Knight |
| 25:00 | Create | Knight |
| 25:46 | Create | Knight |
| 25:46 | Create | Knight |
| 25:49 | Research | Scale Barding Armor |
| 25:51 | Research | Forging |
| 25:56 | Create | Villager (Male) |
| 25:56 | Create | Villager (Male) |
| 25:56 | Create | Villager (Male) |
| 25:57 | Create | Villager (Male) |
| 26:01 | Create | Villager (Male) |
| 26:01 | Create | Villager (Male) |
| 26:03 | Research | Hand Cart |
| 26:07 | Build | House |
| 26:07 | Build | House |
| 26:13 | Build | University |
| 26:33 | Create | Monk |
| 26:33 | Create | Monk |
| 26:56 | Create | Villager (Male) |
| 26:56 | Create | Villager (Male) |
| 26:57 | Create | Villager (Male) |
| 26:57 | Create | Villager (Male) |
| 27:03 | Build | Farm |
| 27:04 | Build | Farm |
| 27:08 | Build | Farm |
Build order — DEG
First 150 of 278 actions detected
| 0:00 | Create | Villager (Male) |
| 0:01 | Create | Villager (Male) |
| 0:02 | Build | House |
| 0:04 | Build | House |
| 0:24 | Create | Villager (Male) |
| 0:24 | Create | Villager (Male) |
| 1:29 | Create | Villager (Male) |
| 2:03 | Build | Lumber Camp |
| 2:04 | Create | Villager (Male) |
| 2:20 | Create | Villager (Male) |
| 2:57 | Create | Villager (Male) |
| 3:11 | Create | Villager (Male) |
| 3:43 | Build | House |
| 3:49 | Build | House |
| 3:58 | Build | Palisade Wall |
| 4:02 | Create | Villager (Male) |
| 4:09 | Create | Villager (Male) |
| 5:05 | Build | Mill |
| 5:21 | Create | Villager (Male) |
| 5:21 | Create | Villager (Male) |
| 5:21 | Create | Villager (Male) |
| 5:21 | Create | Villager (Male) |
| 5:38 | Create | Villager (Male) |
| 7:04 | Build | Lumber Camp |
| 7:14 | Create | Villager (Male) |
| 7:15 | Create | Villager (Male) |
| 7:16 | Create | Villager (Male) |
| 7:50 | Research | Loom |
| 7:57 | Research | Feudal Age |
| 8:09 | Build | Mining Camp |
| 9:00 | Build | Barracks |
| 9:33 | Build | Palisade Wall |
| 9:37 | Build | Palisade Wall |
| 9:43 | Build | Palisade Gate |
| 9:59 | Build | Palisade Wall |
| 10:02 | Create | Villager (Male) |
| 10:02 | Create | Villager (Male) |
| 10:09 | Build | Farm |
| 10:15 | Build | Farm |
| 10:51 | Age | Feudal Age |
| 11:09 | Build | Archery Range |
| 11:27 | Research | Double-Bit Axe |
| 11:40 | Build | House |
| 11:46 | Create | Villager (Male) |
| 12:14 | Create | Archer |
| 12:14 | Create | Archer |
| 12:14 | Create | Villager (Male) |
| 12:27 | Build | House |
| 12:29 | Build | House |
| 12:30 | Build | House |
| 12:42 | Build | Archery Range |
| 13:15 | Create | Villager (Male) |
| 13:16 | Create | Villager (Male) |
| 13:18 | Create | Archer |
| 13:18 | Create | Archer |
| 13:28 | Build | Blacksmith |
| 13:55 | Build | House |
| 13:58 | Build | House |
| 13:59 | Build | House |
| 14:04 | Research | Wheelbarrow |
| 14:11 | Build | Farm |
| 14:18 | Build | Farm |
| 14:21 | Create | Archer |
| 14:21 | Create | Archer |
| 14:38 | Create | Archer |
| 14:57 | Build | Farm |
| 14:58 | Build | Farm |
| 15:01 | Build | Farm |
| 15:11 | Create | Villager (Male) |
| 15:11 | Create | Villager (Male) |
| 15:19 | Create | Archer |
| 15:29 | Research | Gold Mining |
| 15:37 | Build | Farm |
| 15:54 | Create | Archer |
| 16:28 | Research | Fletching |
| 16:30 | Create | Villager (Male) |
| 16:30 | Create | Villager (Male) |
| 16:30 | Create | Villager (Male) |
| 16:30 | Create | Villager (Male) |
| 16:57 | Create | Spearman |
| 17:25 | Create | Spearman |
| 17:26 | Create | Villager (Male) |
| 17:26 | Create | Villager (Male) |
| 17:26 | Create | Villager (Male) |
| 17:29 | Build | House |
| 17:32 | Build | House |
| 17:37 | Build | House |
| 17:38 | Build | House |
| 17:46 | Create | Villager (Male) |
| 17:47 | Create | Villager (Male) |
| 17:52 | Build | House |
| 18:43 | Build | Farm |
| 18:46 | Build | Farm |
| 18:47 | Build | Farm |
| 18:47 | Build | Farm |
| 18:56 | Build | Farm |
| 19:00 | Build | Farm |
| 19:02 | Build | Farm |
| 19:06 | Create | Villager (Male) |
| 19:24 | Build | Market |
| 19:37 | Build | Mining Camp |
| 20:12 | Build | House |
| 20:40 | Research | Castle Age |
| 21:25 | Build | Farm |
| 21:25 | Build | Farm |
| 21:25 | Build | Farm |
| 21:32 | Build | Lumber Camp |
| 22:00 | Research | Stone Mining |
| 22:30 | Create | Villager (Male) |
| 22:31 | Create | Villager (Male) |
| 22:50 | Create | Villager (Male) |
| 22:50 | Create | Villager (Male) |
| 22:55 | Research | Padded Archer Armor |
| 23:20 | Age | Castle Age |
| 23:29 | Build | Town Center |
| 24:17 | Create | Archer |
| 24:20 | Research | Crossbowman (upgrade) |
| 25:30 | Create | Archer |
| 25:31 | Create | Archer |
| 25:31 | Create | Archer |
| 25:31 | Create | Archer |
| 25:32 | Create | Archer |
| 25:32 | Create | Archer |
| 25:32 | Create | Archer |
| 25:32 | Create | Archer |
| 25:33 | Create | Archer |
| 25:59 | Build | Stone Wall |
| 26:04 | Build | Stone Wall |
| 26:17 | Build | Gate |
| 26:27 | Create | Archer |
| 26:27 | Create | Archer |
| 26:28 | Create | Archer |
| 26:41 | Research | Bodkin Arrow |
| 26:43 | Create | Archer |
| 26:44 | Create | Archer |
| 26:44 | Create | Archer |
| 26:44 | Create | Archer |
| 26:49 | Create | Villager (Male) |
| 26:49 | Create | Villager (Male) |
| 26:49 | Create | Villager (Male) |
| 26:50 | Create | Villager (Male) |
| 26:51 | Create | Villager (Male) |
| 26:51 | Create | Villager (Male) |
| 26:52 | Create | Villager (Male) |
| 26:57 | Create | Villager (Male) |
| 27:30 | Build | Stable |
| 27:36 | Build | Stable |
| 27:42 | Create | Villager (Male) |
| 28:11 | Build | Stone Wall |
| 28:16 | Create | Villager (Male) |
Match timeline
| 3:58 | DEG · wall_segment Palisade Wall x2 |
| 6:38 | Bartek2451979 · wall_segment Palisade Wall x15 |
| 6:40 | Bartek2451979 · wall_segment Palisade Wall x7 |
| 6:54 | Léon · first_building Barracks |
| 7:09 | fede.dr · wall_segment Palisade Wall x1 |
| 7:13 | Altrocanto · first_building Barracks |
| 7:25 | Altrocanto · wall_segment Palisade Wall x15 |
| 8:02 | Léon · wall_segment Palisade Wall x7 |
| 8:12 | fede.dr · first_building Barracks |
| 8:21 | Wicket · first_building Barracks |
| 8:35 | Bartek2451979 · wall_segment Palisade Wall x7 |
| 8:47 | fede.dr · wall_segment Palisade Wall x1 |
| 9:00 | DEG · first_building Barracks |
| 9:33 | DEG · wall_segment Palisade Wall x13 |
| 9:37 | DEG · wall_segment Palisade Wall x4 |
| 9:58 | Léon · age_up feudal |
| 9:59 | DEG · wall_segment Palisade Wall x13 |
| 10:06 | fede.dr · wall_segment Palisade Wall x9 |
| 10:08 | Léon · first_building Stable |
| 10:13 | fede.dr · age_up feudal |
| 10:18 | Wicket · age_up feudal |
| 10:25 | Wicket · first_building Archery Range |
| 10:25 | fede.dr · first_building Stable |
| 10:29 | Bartek2451979 · first_building Barracks |
| 10:51 | DEG · age_up feudal |
| 10:57 | Altrocanto · age_up feudal |
| 11:02 | Altrocanto · first_building Archery Range |
| 11:09 | DEG · first_building Archery Range |
| 11:21 | Léon · wall_segment Palisade Wall x1 |
| 11:22 | fede.dr · wall_segment Palisade Wall x1 |
| 11:28 | Léon · wall_segment Palisade Wall x1 |
| 11:32 | Bartek2451979 · wall_segment Palisade Wall x5 |
| 11:57 | Bartek2451979 · first_building Stable |
| 12:06 | Wicket · wall_segment Palisade Wall x14 |
| 12:38 | Wicket · wall_segment Palisade Wall x14 |
| 13:04 | Léon · first_building Archery Range |
| 13:08 | fede.dr · wall_segment Palisade Wall x7 |
| 14:24 | Bartek2451979 · wall_segment Palisade Wall x8 |
| 14:58 | Bartek2451979 · wall_segment Palisade Wall x8 |
| 15:50 | fede.dr · first_market_buy 100 food |
| 16:58 | Altrocanto · first_market_buy 100 food |
| 17:17 | Altrocanto · first_market_sell 500 wood |
| 18:35 | Wicket · first_market_sell 100 stone |
| 18:35 | Wicket · first_market_buy 100 food |
| 19:07 | fede.dr · age_up castle |
| 19:20 | Bartek2451979 · first_building Monastery |
| 20:17 | Altrocanto · age_up castle |
| 20:31 | DEG · first_market_sell 100 wood |
| 20:34 | DEG · first_market_buy 100 food |
| 20:37 | Léon · age_up castle |
| 21:36 | Wicket · age_up castle |
| 23:20 | DEG · age_up castle |
| 23:21 | fede.dr · first_building Monastery |
| 24:21 | Bartek2451979 · first_building Castle |
| 25:59 | DEG · wall_segment Stone Wall x12 |
| 26:04 | Léon · first_market_sell 100 wood |
| 26:04 | DEG · wall_segment Stone Wall x4 |
| 26:06 | Léon · first_market_buy 100 food |
| 26:48 | Altrocanto · first_building Castle |
| 26:50 | Léon · wall_segment Palisade Wall x1 |
| 27:30 | DEG · first_building Stable |
| 28:03 | Léon · first_building Siege Workshop |
| 28:11 | DEG · wall_segment Stone Wall x5 |
| 29:04 | Léon · first_building Castle |
| 29:11 | Altrocanto · first_building Siege Workshop |
| 29:26 | DEG · first_building Castle |
| 29:37 | DEG · wall_segment Stone Wall x12 |
| 29:50 | Bartek2451979 · first_building Archery Range |
| 30:06 | Bartek2451979 · wall_segment Stone Wall x6 |
| 30:12 | Bartek2451979 · wall_segment Stone Wall x5 |
| 30:14 | Bartek2451979 · wall_segment Stone Wall x7 |
| 31:14 | Bartek2451979 · first_market_buy 100 food |
| 31:57 | Bartek2451979 · wall_segment Stone Wall x5 |
| 31:57 | Bartek2451979 · wall_segment Stone Wall x3 |
| 32:35 | fede.dr · first_building Castle |
| 32:43 | Wicket · first_building Castle |
| 33:33 | fede.dr · age_up imperial |
| 34:46 | DEG · first_building Siege Workshop |
| 36:06 | Léon · age_up imperial |
| 36:06 | fede.dr · first_market_sell 100 food |
| 39:46 | Wicket · age_up imperial |
| 41:20 | fede.dr · wall_segment Palisade Wall x1 |
| 45:14 | DEG · resign |
| 47:46 | Bartek2451979 · first_market_sell 100 food |
[ AI ANALYSIS · 1 CREDIT ]
What really happened in this match?
Wolo.gg analyzes every decision: build order, eco, micro, common mistakes by bracket. Personalized analysis on WhatsApp or Discord in 30 seconds.
Civ guide
Byzantines
Perfil
Jugador #393589